 Dungeon Crawl Stone Soup version 0.26-a0-1147-g3780a7a11b (webtiles) character file.

Game seed: 12739280515312781693

61 night the Chucker (level 3, 0/33 HPs)
             Began as a Troll Hunter on Dec 22, 2020.
             Killed by nerve-wracking pain
             ... invoked by Jessica
              (12 damage)
             ... on level 2 of the Dungeon.
             The game lasted 00:01:51 (835 turns).

night the Chucker (Troll Hunter)                     Turns: 835, Time: 00:01:51

Health: 0/33       AC:  6    Str: 21    XL:     3   Next: 83%
Magic:  2/2        EV: 10    Int:  7    God:
Gold:   90         SH:  0    Dex: 10    Spells: 2/2 levels left

rFire    + . .     SeeInvis .     - Unarmed
rCold    . . .     Faith    .   (no shield)
rNeg     . . .     Spirit   .   b - +0 robe
rPois    .         Reflect  .   (helmet restricted)
rElec    .         Harm     .   (no cloak)
rCorr    .         Rampage  .   (gloves unavailable)
Will     .....                  (boots unavailable)
Stlth    +.........             (no amulet)
HPRegen  0.51/turn              h - ring of protection from fire
MPRegen  0.08/turn              (no ring)

@: lethally poisoned (0 -> -1)
A: large, unfitting armour, claws 3, regeneration 1, shaggy fur 1, tough skin 3
a: no special abilities


You were on level 2 of the Dungeon.
You visited 1 branch of the dungeon, and saw 2 of its levels.

You collected 90 gold pieces.

Inventory:

Missiles
 a - 48 stones
 c - 5 large rocks (quivered)
 d - 2 throwing nets
 e - 7 datura-tipped darts
 j - 26 sling bullets
Armour
 b - a +0 robe (worn)
Jewellery
 h - a ring of protection from fire (left claw)
 l - an uncursed ring of protection from cold
Scrolls
 f - 3 scrolls of magic mapping {unknown}
 i - a scroll of teleportation {unknown}
Potions
 g - a potion of haste {unknown}
 k - a potion of ambrosia {unknown}


   Skills:
 - Level 1.5 Fighting
 - Level 3.6 Throwing
 - Level 1.5 Dodging
 - Level 0.3 Stealth
 * Level 3.5 Unarmed Combat


You had 2 spell levels left.
You didn't know any spells.
Your spell library was empty.

Dungeon Overview and Level Annotations

Branches:
Dungeon (2/15)

Altars:

Annotations:
D:2 Jessica


Innate Abilities, Weirdness & Mutations

You are too large for most types of armour.
You have claws for hands.
Your natural rate of healing is unusually fast.
You are covered in fur. (AC +1)
You have extremely tough skin. (AC +3)


Message History

You closely miss the hobgoblin.
The hobgoblin hits you but does no damage.
You scratch the hobgoblin. Your claw misses the hobgoblin.
The hobgoblin is almost dead.
You feel sick. The hobgoblin barely misses you.
You barely miss the hobgoblin.
The hobgoblin is almost dead.
You closely miss the hobgoblin.
The hobgoblin is almost dead.
You feel sick. The hobgoblin hits you. The hobgoblin hits you.
You see here a stone.
You feel sick.
Things that are here:
a stone; a bat corpse You scratch the hobgoblin.
You kill the hobgoblin!
Jessica gestures at you while chanting. Pain shoots through your body!
You die...

#.# #)# #.#
#.# ##.######
#.......#
#.#####.# #.#
#@# # #(# # #.
#)#####.#
#..#@......#
#.........##
.....###.(.#.#
#### #.##...#
#... ....#
...... .....


You could see Jessica (fast).

Vanquished Creatures
  An adder (D:2)
  3 worms (D:2)
  4 dart slugs (D:1)
  2 leopard geckos (D:1)
  A giant cockroach (D:2)
  4 goblins (D:1)
  6 hobgoblins
  5 bats
  3 frilled lizards (D:1)
  5 kobolds
  3 rats
37 creatures vanquished.

Notes
Turn   | Place    | Note
-------+----------+-------------------------------------------
     0 | D:1      | night the Troll Hunter began the quest for the Orb.
     0 | D:1      | Reached XP level 1. HP: 19/19 MP: 0/0
   114 | D:1      | Reached skill level 1 in Unarmed Combat
   239 | D:1      | Reached XP level 2. HP: 27/27 MP: 1/1
   284 | D:1      | Reached skill level 2 in Unarmed Combat
   518 | D:1      | Reached XP level 3. HP: 30/33 MP: 2/2
   803 | D:2      | Noticed Jessica
   835 | D:2      | Killed from afar by Jessica

Illustrated notes

Levels and vault maps discovered:
D:1:      denvon_arrival_waterhouse, layout_basic
D:2:      layout_loops_ring, nicolae_dithmenos_through_a_glass_darkly,
          uniq_jessica

Skill      XL: |  1  2  3 |
---------------+----------+-----
Unarmed Combat | 1 2 3 |  3.5
Fighting       | |  1.5
Throwing       | |  3.6
Dodging        | |  1.5
Stealth        | |  0.3

Action                   || total
-------------------------++-------
Melee: Unarmed           ||   102
       Short sword       ||     3
 Stab: Sleeping          ||     1
Armor: Robe              ||    48
Dodge: Dodged            ||    65

Table legend: (Time is in decaauts)
 A = Elapsed time spent in this place.
 B = Non-inter-level travel time spent in this place.
 C = Inter-level travel time spent in this place.
 D = Time resting spent in this place.
 E = Time spent auto-exploring this place.
 F = Levels seen in this place.
 G = Mean time per level.
                   A        B        C        D        E       F      G
               +--------+--------+--------+--------+--------+-----+--------+
         Total |    830 |    807 |     23 |      0 |    583 |   2 |  415.0 |
       Dungeon |    830 |    807 |     23 |      0 |    583 |   2 |  415.0 |
               +--------+--------+--------+--------+--------+-----+--------+

Top non-repeatable levels by time:
     D:1: 674 daAuts
     D:2: 155 daAuts
